Map: Dusk Towers

Players

DRYOYO

  • Race: Protoss Protoss
  • League: Diamond

LilDicky - Winner!

  • Race: Terran Terran
  • League: Diamond

VOD

http://www.twitch.tv/tumescentpie

Description

Time

  • Played on: Nov. 21, 2015, 9:22 p.m.
  • Length: 4:22
Show
View Real Time Build Order
Export as new Build Order

DRYOYO Protoss 

Build Orders: Nexus First 

Get SALT Encoding   

  12  0:01  Probe (Chrono Boost)  
  13  0:12  Probe (Chrono Boost)  
  14  0:20  Pylon  
  14  0:23  Probe (Chrono Boost)  
  15  0:38  Probe (Chrono Boost)  
  16  0:48  Probe (Chrono Boost)  
  17  0:59  Probe (Chrono Boost)  
  17  1:02  Nexus  
  18  1:09  Probe (Chrono Boost)  
  19  1:17  Gateway  
  19  1:20  Probe (Chrono Boost)  
  19  1:25  Assimilator  
  20  1:30  Assimilator  
  20  1:31  Probe (Chrono Boost)  
  21  1:40  Pylon  
  21  1:43  Probe (Chrono Boost)  
  22  1:53  Probe (Chrono Boost)  
  23  2:04  Probe (Chrono Boost)  
  23  2:05  Cybernetics Core  
  24  2:14  Probe (Chrono Boost)  
  25  2:16  Gateway  
  25  2:23  Probe (Chrono Boost)  
  25  2:28  Pylon  
  25  2:31  Probe (Chrono Boost)  
  25  2:35  Probe (Chrono Boost)  
  27  2:43  Stalker (Chrono Boost)  
  29  2:49  Mothership Core (Chrono Boost)  
  31  2:58  Probe  
  31  3:03  Stalker (Chrono Boost)  
  34  3:10  Probe  
  34  3:22  Robotics Facility  
  33  3:53  Probe  
  33  3:58  Forge  
  33  4:08  Assimilator  
Show
View Real Time Build Order
Export as new Build Order

LilDicky Terran - Winner!

Build Orders:  

Get SALT Encoding   

  12  0:02  SCV  
  13  0:14  SCV  
  13  0:19  Supply Depot  
  14  0:26  SCV  
  15  0:30  Refinery  
  15  0:40  SCV  
  16  0:48  Barracks  
  16  0:52  SCV  
  17  1:04  SCV  
  18  1:17  SCV  
  19  1:29  SCV  
  20  1:36  Supply Depot  
  20  1:41  Factory  
  20  1:42  Marine  
  20  1:44  Orbital Command  
  21  2:01  Marine  
  21  2:05  Barracks  
  22  2:09  Barracks  
  22  2:15  SCV  
  23  2:20  Barracks Reactor  
  23  2:31  SCV  
  24  2:38  Refinery  
  24  2:39  Supply Depot  
  24  2:41  Widow Mine  
  24  2:43  SCV  
  27  2:55  SCV  
  27  2:56  Barracks Tech Lab  
  27  2:57  Barracks Tech Lab  
  27  2:58  Marine x2  
  29  3:08  SCV  
  29  3:09  Widow Mine  
  32  3:18  Marine x2  
  32  3:19  Marine x2  
  36  3:20  SCV  
  36  3:25  Supply Depot  
  37  3:45  Marauder  
  37  3:47  Marauder, Marine  
  42  3:52  Supply Depot, Marine  
Tags
 
Add a new tag
Caveats
  • Supply blocks, unpowered buildings, or Contaminate may cause inaccurate times.
  • Supply counts are checked every 10 seconds.